 Dungeon Crawl Stone Soup version 0.26-a0-1053-gaff5f71418 (webtiles) character file.

Game seed: 3099455396895278926

40 Dracia the Sneak (level 3, -1/19 HPs)
             Began as a Kobold Enchanter on Dec 12, 2020.
             Slain by Sigmund
             ... wielding a +0 scythe
              (7 damage)
             ... on level 2 of the Dungeon.
             The game lasted 00:02:17 (1464 turns).

Dracia the Sneak (Kobold Enchanter)                 Turns: 1464, Time: 00:02:18

Health: -1/19      AC:  3    Str:  4 (5)  XL:     3   Next: 72%
Magic:  6/6        EV: 15    Int: 15 (17) God:
Gold:   41         SH:  0    Dex: 12 (15) Spells: 3/6 levels left

rFire    . . .     SeeInvis .   a - +1 dagger
rCold    . . .     Faith    .   (shield restricted)
rNeg     . . .     Spirit   .   b - +0 robe
rPois    .         Reflect  .   d - +0 helmet
rElec    .         Harm     .   (no cloak)
rCorr    .         Rampage  .   (no gloves)
Will     .....                  (no boots)
Stlth    ++........             e - amulet of inaccuracy (curse)
HPRegen  0.06/turn              (no ring)
MPRegen  0.10/turn              (no ring)

@: confused
A: small, nightstalker 3
a: no special abilities


You were on level 2 of the Dungeon.
You visited 1 branch of the dungeon, and saw 2 of its levels.

You collected 41 gold pieces.


Innate Abilities, Weirdness & Mutations

You are small and have problems with some larger weapons.
You are completely attuned to the shadows.


   Skills:
 + Level 3.0 Short Blades
 - Level 2.4 Dodging
 + Level 5.0 Stealth
 - Level 2.1 Spellcasting
 + Level 3.2 Hexes


You had 3 spell levels left.
You knew the following spells:

 Your Spells              Type           Power        Failure   Level
x - Ensorcelled Hibernat  Hex/Ice        #.....       17%         2
z - Corona                Hex            ##.....      6%          1

Your spell library contained the following spells:

 Spells                   Type           Power        Failure   Level
 Confusing Touch          Hex            ##......     17%         3
 Tukima's Dance           Hex            ##......     17%         3
 Dazzling Flash           Conj/Hex       #.....       32%         3

Inventory:

Hand Weapons
 a - a +1 dagger (weapon)
Armour
 b - a +0 robe (worn)
 d - a +0 helmet (worn)
Jewellery
 e - a cursed amulet of inaccuracy (around neck)
Scrolls
 c - 2 scrolls of remove curse {unknown}
 g - a scroll of enchant armour {unknown}

Dungeon Overview and Level Annotations

Branches:
Dungeon (2/15)

Altars:

Annotations:
D:2 Sigmund

#.##..........###.#
#........#.#.#.#.##
####.#####.#.##.##
#.....(...####
#.#####.#.#
#..)......#
#######.### #####.#
#.@...# ##.##@.#
.....#....
###.##....# #.
....# ....# #.#.


You could see Sigmund.


Message History

You kill the goblin!
Things that are here:
a +0 dagger; a goblin corpse You see here 24 stones.
Sigmund the Dreaded comes into view.
He is wielding a +0 scythe and wearing a +2 robe of positive energy.
Sigmund shouts!
It was a potion of heal wounds.
You feel much better.
It was a potion of degeneration.
There was something very wrong with that liquid.
You feel weakened.
You feel dopey.
You feel clumsy. Sigmund closely misses you.
Sigmund gestures at you while chanting.
You are confused.
Sigmund gestures at you while chanting.
You are more confused.
You're too confused to cast spells.
Sigmund gestures at you while chanting. The puff of flame hits you!
Ouch! That really hurt!
* * * LOW HITPOINT WARNING * * *
Sigmund completely misses you.
You bump into the rock wall.
Unknown command.
You bump into the rock wall.
Sigmund hits you from afar with a +0 scythe.
* * * LOW HITPOINT WARNING * * *
Unknown command.
You bump into the rock wall.
Sigmund hits you from afar with a +0 scythe!
You die...

Skill      XL: |  1  2  3 |
---------------+----------+-----
Short Blades   | 2 3 |  3.0
Stealth        | 5 |  5.0
Dodging        | |  2.4
Spellcasting   | |  2.1
Hexes          | |  3.2

Action                   || total
-------------------------++-------
Melee: Dagger            ||    99
  Use: Scroll            ||     2
       Potion            ||     2
 Stab: Sleeping          ||    17
Armor: Robe              ||    14
Dodge: Dodged            ||    79

Levels and vault maps discovered:
D:1:      lemuel_arrival_lava_pool, layout_rooms, wad_floor_pattern_untrapped
D:2:      layout_loops_corners, nicolae_gozag_cash_rules_everything_around_me,
          gammafunk_temple_overflow_pools, uniq_sigmund

Notes
Turn   | Place    | Note
-------+----------+-------------------------------------------
     0 | D:1      | Dracia the Kobold Enchanter began the quest for the Orb.
     0 | D:1      | Reached XP level 1. HP: 10/10 MP: 3/3
   111 | D:1      | Reached skill level 2 in Short Blades
   111 | D:1      | Reached XP level 2. HP: 4/15 MP: 5/5
   466 | D:1      | Learned a level 2 spell: Ensorcelled Hibernation
   521 | D:1      | Reached XP level 3. HP: 12/19 MP: 6/6
  1173 | D:2      | Reached skill level 5 in Stealth
  1268 | D:2      | Reached skill level 3 in Short Blades
  1453 | D:2      | Noticed Sigmund
  1464 | D:2      | Slain by Sigmund

Vanquished Creatures
  3 dart slugs (D:1)
  2 leopard geckos
  2 bats (D:1)
  2 giant cockroaches (D:2)
  5 goblins
  8 jackals (D:1)
  2 frilled lizards
  3 kobolds
  2 rats
29 creatures vanquished.

Table legend: (Time is in decaauts)
 A = Elapsed time spent in this place.
 B = Non-inter-level travel time spent in this place.
 C = Inter-level travel time spent in this place.
 D = Time resting spent in this place.
 E = Time spent auto-exploring this place.
 F = Levels seen in this place.
 G = Mean time per level.
                   A        B        C        D        E       F      G
               +--------+--------+--------+--------+--------+-----+--------+
         Total |   1452 |   1426 |     26 |    224 |    983 |   2 |  726.0 |
       Dungeon |   1452 |   1426 |     26 |    224 |    983 |   2 |  726.0 |
               +--------+--------+--------+--------+--------+-----+--------+

Top non-repeatable levels by time:
     D:1: 1026 daAuts
     D:2: 425 daAuts

Table legend:
 A = Non-vault XP
 B = Vault XP
 C = Vault XP percentage of total XP
 D = Non-vault monster count
 E = Vault monster count
 F = Vault count percentage of total count
                 A         B        C        D         E       F
            +---------+---------+-------+---------+---------+-------
      Total |      58 |       0 |   0.0 |      29 |       0 |   0.0
            +---------+---------+-------+---------+---------+-------
        D:1 |      44 |       0 |   0.0 |      20 |       0 |   0.0
        D:2 |      14 |       0 |   0.0 |       9 |       0 |   0.0
            +---------+---------+-------+---------+---------+-------
